 Dungeon Crawl Stone Soup version 0.29.0-13-gc9e81de378 (webtiles) character file.

Game seed: 14295792419467066291

4033 groovy9 the Cleaver (level 10, -5/91 HPs)
             Began as a Hill Orc Fighter on Sept 11, 2022.
             Was a Believer of Okawaru.
             Shot with an arrow by a centaur warrior (15 damage)
             ... on level 8 of the Dungeon.
             The game lasted 00:22:18 (10037 turns).

groovy9 the Cleaver (Hill Orc Fighter)             Turns: 10037, Time: 00:22:19

Health: -5/91      AC: 19    Str: 24    XL:     10   Next: 24%
Magic:  8/10       EV:  9    Int:  8    God:    Okawaru [**....]
Gold:   474        SH: 12    Dex: 10    Spells: 9/9 levels left

rFire   + . .      SeeInvis .   b - +3 flail (drain)
rCold   . . .      Faith    .   n - +0 kite shield
rNeg    . . .      Spirit   .   k - +0 chain mail
rPois   .          Reflect  .   A - +0 helmet
rElec   .          Harm     .   i - +0 cloak
rCorr   .          Rampage  .   (no gloves)
Will    .....                   p - +2 pair of boots
Stlth   ..........              (no amulet)
HPRegen 0.25/turn               j - ring of protection from fire
MPRegen 0.12/turn               (no ring)

@: mighty, heroic
A: no striking features
a: Renounce Religion, Heroism


You were on level 8 of the Dungeon.
You worshipped Okawaru.
Okawaru was pleased with you.
You visited 2 branches of the dungeon, and saw 9 of its levels.
You also visited: Sewer.

You collected 474 gold pieces.

Inventory:

Hand Weapons
 a - a +1 war axe
 b - a +3 flail of draining (weapon)
Armour
 i - a +0 cloak (worn)
 k - a +0 chain mail (worn)
 n - a +0 kite shield (worn)
 p - a +2 pair of boots (worn)
 A - a +0 helmet (worn)
Jewellery
 j - a ring of protection from fire (left hand)
 r - a ring of ice
Wands
 e - a wand of flame (21)
 z - a wand of roots (26)
 C - a wand of digging (3)
 D - a wand of light (12)
Scrolls
 f - a scroll of enchant armour
 m - a scroll of amnesia
 o - 2 scrolls of poison
 q - 3 scrolls of enchant weapon
 v - 2 scrolls of fog
 w - 3 scrolls of teleportation
 y - 3 scrolls of identify
 B - a scroll of brand weapon {unknown}
Potions
 c - 3 potions of haste
 d - 2 potions of might
 g - 9 potions of curing
 h - 3 potions of brilliance
 l - 4 potions of mutation
 u - 2 potions of magic
 x - a potion of cancellation


   Skills:
 + Level 9.1(14.1) Fighting
 + Level 11.2(16.2) Axes
 + Level 8.2(13.2) Armour
 + Level 8.2(13.2) Shields


You had 9 spell levels left.
You didn't know any spells.
Your spell library contained the following spells:

 Spells                   Type           Power      Damage    Failure   Level
 Ensorcelled Hibernation  Hex/Ice        0%         N/A       99%         2
 Passwall                 Tmut/Erth      0%         N/A       99%         2
 Dazzling Flash           Conj/Hex       0%         N/A       100%        3
 Ozocubu's Armour         Ice            0%         N/A       100%        3
 Swiftness                Air            0%         N/A       100%        3
 Agony                    Necr           0%         N/A       100%        5
 Blade Hands              Tmut           0%         N/A       100%        5
 Irradiate                Conj/Tmut      0%         3d11      100%        5
 Silence                  Hex/Air        0%         N/A       100%        5
 Dragon Form              Tmut           0%         N/A       100%        7
 Ozocubu's Refrigeration  Ice            0%         4d7       100%        7
 Summon Ice Beast         Ice/Summ       Unusable   N/A       N/A         4
 Summon Mana Viper        Hex/Summ       Unusable   N/A       N/A         5
 Monstrous Menagerie      Summ           Unusable   N/A       N/A         7

Dungeon Overview and Level Annotations

Branches:
Dungeon (8/15)             Temple (1/1) D:5           Sewer (visited)
   Lair: D:8-11

Altars:
Ashenzari
Cheibriados
Dithmenos
Elyvilon
Fedhas
Gozag
Kikubaaqudgha
Okawaru
Qazlal
Ru
Trog
Uskayaw
Vehumet
Wu Jian
Xom
Yredelemnul
The Shining One

Annotations:
D:8 Psyche


Message History

You kill the six-headed hydra!
Okawaru is honoured by your kill.
Your life force feels restored.
Your Fighting skill increases to level 9!
Your Armour skill increases to level 8!
Your Shields skill increases to level 8!
You start resting.
You feel a little less mighty now.
You start resting.
HP restored.
A manticore, a troll and a centaur warrior come into view.
Found a ring of fire.
The troll shouts!
The centaur warrior shouts!
The centaur warrior wields a +0 longbow.
The centaur warrior shoots an arrow.
You block the arrow.
The manticore flicks its tail.
The volley of spikes hits you but does no damage.
The manticore flicks its tail.
The volley of spikes hits you!!
The barbed spikes become lodged in your body.
The barbs in your skin will harm you if you move.
Continue?
The barbed spikes dig painfully into your body as you move.
The centaur warrior shoots an arrow.
The arrow hits you.
The barbed spikes dig painfully into your body as you move.
The barbed spikes dig painfully into your body as you move.
The barbed spikes dig painfully into your body as you move.
Okay, then.
You gain the combat prowess of a mighty hero.
The centaur warrior shoots an arrow.
You block the arrow.
You are too injured to fight recklessly!
You feel very mighty all of a sudden.
The centaur warrior shoots an arrow.
The arrow hits you!!
The centaur warrior shoots an arrow.
You block the arrow.
The barbed spikes dig painfully into your body as you move.
* * * LOW HITPOINT WARNING * * *
The barbed spikes snap loose.
The centaur warrior shoots an arrow.
The arrow hits you!
* * * LOW HITPOINT WARNING * * *
The centaur warrior shoots an arrow.
The arrow hits you!
You die...

# # # ### ##### ####.# ##..##
#...## #....# #...### #....####
#...#.# ## # #....#..# #.#...##
#.#?# ##..#...######..@.c##
#.....
#####..##...#.####H######.H....
#.)###....### #...##..#
##...)....## ##.H.T.#..T...
#)####...## #..c..##.....
##..##..#.# ##......# =#c#
#..###....# ##..##...# # #
##.........# ####..##...##
...........####.....##...#


You could see a centaur warrior and a manticore.

Vanquished Creatures
  A hydra (D:8)
  Maurice (D:8)
  A water moccasin (D:8)
  The ghost of xian the Sneak, an amateur KoEn (D:4)
  2 ice beasts (D:7)
  2 centaurs
  4 ogres
  A phantom (D:4)
  2 bullfrogs
  3 necrophages
  A wyvern zombie (D:4)
  5 scorpions
  3 wights (D:8)
  4 killer bees (D:6)
  2 howler monkeys (D:7)
  A jelly (D:4)
  2 hounds
  An orc priest (D:6)
  Crazy Yiuf (D:2)
  3 gnoll boudas
  2 iguanas
  9 orc wizards
  Robin (D:3)
  A howler monkey skeleton (D:4)
  14 gnolls
  15 adders
  8 river rats
  A shadow imp (D:6)
  2 white imps (D:6)
  A worm (D:2)
  4 dart slugs
  19 orcs
  3 endoplasms
  5 giant cockroaches
  16 goblins
  5 hobgoblins
  6 jackals
  32 kobolds
  3 quokkas
  9 ball pythons
  6 bats
  7 frilled lizards
  33 rats
243 creatures vanquished.

Notes
Turn   | Place    | Note
-------+----------+-------------------------------------------
     0 | D:1      | groovy9 the Hill Orc Fighter began the quest for the Orb.
     0 | D:1      | Reached XP level 1. HP: 19/19 MP: 1/1
    28 | D:1      | Reached skill level 3 in Axes
   174 | D:1      | Reached XP level 2. HP: 16/26 MP: 2/2
   386 | D:1      | Reached skill level 4 in Axes
   956 | D:1      | Found a faded altar of an unknown god.
  1208 | D:2      | Reached XP level 3. HP: 31/31 MP: 3/3
  1585 | D:2      | Found a runed translucent door.
  1586 | D:2      | Noticed Crazy Yiuf
  1592 | D:2      | Killed Crazy Yiuf
  1593 | D:2      | Reached skill level 5 in Axes
  1593 | D:2      | Reached XP level 4. HP: 31/39 MP: 4/4
  2292 | D:3      | Noticed Robin
  2296 | D:3      | Reached skill level 6 in Axes
  2304 | D:3      | Killed Robin
  2419 | D:3      | Reached XP level 5. HP: 44/45 MP: 5/5
  2533 | D:3      | Found a snail-covered altar of Cheibriados.
  2778 | D:3      | Found a stormy altar of Qazlal.
  3384 | D:4      | Reached skill level 7 in Axes
  3527 | D:4      | HP: 1/46 [gnoll/+0 halberd[a gnoll bouda] (9)]
  3713 | D:4      | Reached XP level 6. HP: 36/52 MP: 6/6
  3874 | D:4      | Found a runed translucent gate.
  3874 | D:4      | Found a runed translucent gate.
  3874 | D:4      | Found a runed translucent gate.
  4034 | D:4      | Found an opulent altar of Gozag.
  4226 | D:4      | Reached XP level 7. HP: 52/60 MP: 7/7
  4441 | D:4      | Noticed xian's ghost (amateur KoEn)
  4452 | D:4      | Reached skill level 5 in Fighting
  4456 | D:4      | Killed xian's ghost
  4457 | D:4      | Reached skill level 8 in Axes
  4658 | D:5      | Entered Level 5 of the Dungeon
  4831 | D:5      | Reached skill level 5 in Armour
  4831 | D:5      | Reached skill level 5 in Shields
  4831 | D:5      | Reached XP level 8. HP: 42/70 MP: 8/8
  4972 | D:5      | Found a staircase to the Ecumenical Temple.
  4980 | Temple   | Entered the Ecumenical Temple
  5050 | Temple   | Became a worshipper of Warmaster Okawaru
  5263 | D:5      | Found a shadowy altar of Dithmenos.
  5555 | D:6      | Identified the +0 long sword of Vuaziq {vorpal, Will+
                  | Dex+4}
  5648 | D:6      | Reached skill level 9 in Axes
  5948 | D:6      | Found a glowing drain.
  5954 | Sewer    | Entered a sewer
  6869 | D:6      | Found a blossoming altar of Fedhas.
  6869 | D:6      | Found a broken altar of Ashenzari.
  6870 | D:6      | Found a white marble altar of Elyvilon.
  7019 | D:6      | Reached XP level 9. HP: 57/79 MP: 9/9
  7135 | D:6      | Reached * piety under Okawaru
  7943 | D:7      | Reached skill level 10 in Axes
  8236 | D:7      | Identified the +1 robe of the Secret Wars {Str+3 SInv}
  8303 | D:7      | Found an ornate altar of the Wu Jian Council.
  8718 | D:8      | Reached ** piety under Okawaru
  8925 | D:8      | Noticed Psyche
  8926 | D:8      | Noticed a death yak
  8927 | D:8      | Noticed a death yak
  8931 | D:8      | Noticed a death yak
  8940 | D:8      | HP: 1/81 [death yak (16)]
  9364 | D:8      | Noticed Maurice
  9376 | D:8      | Killed Maurice
  9377 | D:8      | Reached XP level 10. HP: 56/90 MP: 10/10
  9621 | D:8      | Reached skill level 11 in Axes
  9706 | D:8      | Noticed a six-headed hydra
  9723 | D:8      | Killed a six-headed hydra
 10021 | D:8      | Noticed a manticore
 10021 | D:8      | Noticed a centaur warrior
 10037 | D:8      | Shot with an arrow by a centaur warrior

Illustrated notes

Levels and vault maps discovered:
D:1:      scummos_arrival_simple_fountains, layout_basic,
          hellmonk_ecumenical_altar_crossroads, minivault_23
D:2:      layout_loops_ring, feat_on_display, uniq_crazy_yiuf_cottage
D:3:      wander_river, layout_basic, grunt_qazlal_sundering,
          mainiacjoe_overflow_surrounded_room, serial_curves, eino_curves_01,
          eino_curves_01, eino_curves_02, eino_curves_03,
          palyth_stone_intersect, uniq_robin
D:4:      layout_basic, nicolae_gozag_cash_rules_everything_around_me,
          gammafunk_ghost_necromancy
D:5:      layout_basic, nicolae_dithmenos_shadow_blocks,
          minmay_temple_entry_large_hall, minmay_misc_feat_rows
D:6:      layout_rooms, gammafunk_temple_overflow_claw, gup_sewer_entry_bubbles,
          minmay_misc_feat_doors
D:7:      layout_gridville, nicolae_wu_jian_wuxing_cycle
D:8:      minmay_bloctagon_deflated, layout_layer_cave, marbit_many_paths,
          dpeg_lair_monsters, uniq_psyche, uniq_maurice, uniq_prince_ribbit1
Temple:   hellmonk_temple_forest_ring

Skill      XL: |  1  2  3  4  5  6  7  8  9 10 |
---------------+-------------------------------+-----
Axes           | 3 4 5 6 7 8 9 10 11 | 11.2
Fighting       | 4 5 7 8 9 |  9.1
Armour         | 4 5 6 7 8 |  8.2
Shields        | 4 5 6 7 8 |  8.2

Action                   |  1- 3 |  4- 6 |  7- 9 | 10-12 || total
-------------------------+-------+-------+-------+-------++-------
Melee: War axe           |    78 |   142 |   415 |    11 ||   646
       Flail             |       |       |       |     9 ||     9
Invok: Heroism           |       |       |       |     1 ||     1
  Use: Scroll            |     3 |     7 |     5 |       ||    15
       Potion            |     2 |     1 |     4 |     2 ||     9
Armor: Scale mail        |    42 |    14 |       |       ||    56
       Chain mail        |       |    89 |   271 |    19 ||   379
Dodge: Dodged            |    31 |    48 |   113 |    12 ||   204
Block: Buckler           |    16 |    20 |       |       ||    36
       Kite shield       |       |    51 |   237 |    27 ||   315
